 Dungeon Crawl Stone Soup version 0.25-a0-399-gcf1075a (webtiles) character file.

Game seed: 8590770727286200909, levelgen mode: deterministic

42991 Birdy the Covert (level 13, 0/91 HPs)
             Began as a Centaur Assassin on Jan 8, 2020.
             Was the Champion of Wu Jian.
             Slain by a meliai
             ... wielding a +0 war axe
              (19 damage)
             ... on level 4 of the Lair of Beasts.
             The game lasted 00:56:05 (17911 turns).

Birdy the Covert (Centaur Assassin)                Turns: 17911, Time: 00:56:06

Health: 0/91       AC: 12    Str: 17    XL:     13   Next: 88%
Magic:  11/14      EV: 17    Int: 10    God:    Wu Jian [******]
Gold:   1012       SH:  0    Dex: 17    Spells: 8/12 levels left

rFire    + . .     SeeInvis +   b - +6 short sword (elec)
rCold    + + .     Gourm    .   (no shield)
rNeg     + + .     Faith    .   E - +3 robe of Failure {*Corrode rC+ Slay+6}
rPois    .         Spirit   .   S - +0 helmet
rElec    .         Reflect  .   s - +0 cloak {+Inv}
rCorr    .         Harm     .   D - +0 pair of gloves {archery}
MR       +....                  (no barding)
Stlth    ++++......             (no amulet)
HPRegen  0.25/turn              a - ring "Citefoch" {+Blink rC+ rN+ Str+6 SInv}
MPRegen  0.14/turn              N - ring of Tiyma {rF+ rN+ MR+}

@: lethally poisoned (0 -> -2), very slightly contaminated, invisible, very
quick
A: large, hooves 3, thin metallic scales 1, deformed body, speed 2, high mp 1,
tough skin 3, weak 1
a: Wall Jump, Serpent's Lash, Heavenly Storm, Renounce Religion, Evoke Blink


You were on level 4 of the Lair of Beasts.
You worshipped Wu Jian.
Wu Jian was exalted by your worship.
You were not hungry.

You visited 3 branches of the dungeon, and saw 16 of its levels.

You collected 1012 gold pieces.

Inventory:

Hand Weapons
 b - a +6 short sword of electrocution (weapon)
 L - a +2 rapier of freezing
Missiles
 d - 75 poisoned darts
 e - 2 curare-tipped darts (quivered)
 I - a throwing net
Armour
 s - a +0 cloak of invisibility (worn)
 D - a +0 pair of gloves of archery (worn)
 E - the +3 robe of Failure (worn) {*Corrode rC+ Slay+6}
   (You found it on level 2 of the Lair of Beasts)

   It affects your accuracy and damage with ranged weapons and melee attacks
   (+6).
   It protects you from cold.
   It may corrode you when you take damage.
 M - a +2 shield
 Q - the +2 ring mail of Ujyotoir {rElec rN+ Str-2 Dex+2}
   (You found it on level 11 of the Dungeon)

   It affects your strength (-2).
   It affects your dexterity (+2).
   It insulates you from electricity.
   It protects you from negative energy.
 S - a +0 helmet (worn)
 T - +0 steam dragon scales
Jewellery
 a - a ring "Citefoch" (left hand) {+Blink rC+ rN+ Str+6 SInv}
   (You found it on level 6 of the Dungeon)

   [ring of strength]

   It affects your strength (+6).
   It protects you from cold.
   It protects you from negative energy.
   It lets you see invisible.
   It lets you blink.
 g - a +2 ring of intelligence
 i - an uncursed ring of ice
 m - an uncursed ring of see invisible
 v - a +3 ring of strength
 N - the ring of Tiyma (right hand) {rF+ rN+ MR+}
   (You found it on level 10 of the Dungeon)

   [ring of positive energy]

   It protects you from fire.
   It protects you from negative energy.
   It affects your resistance to hostile enchantments.
Wands
 y - a wand of acid (7)
 z - a wand of enslavement (3)
 O - a wand of iceblast (10)
 P - a wand of flame (8)
Scrolls
 c - 4 scrolls of fear
 h - 4 scrolls of vulnerability {unknown}
 j - 2 scrolls of fog {unknown}
 q - 2 scrolls of amnesia
 u - 2 scrolls of magic mapping {unknown}
 w - 13 scrolls of remove curse
 x - 7 scrolls of teleportation
 B - a scroll of blinking {unknown}
 F - 3 scrolls of enchant weapon
 G - a scroll of torment {unknown}
 K - a scroll of enchant armour {unknown}
 R - a scroll of holy word {unknown}
Potions
 k - a potion of cancellation {unknown}
 l - a potion of mutation
 n - 2 potions of brilliance
 o - 2 potions of berserk rage
 p - 2 potions of heal wounds
 r - 2 potions of haste
 t - 2 potions of flight
 A - 6 potions of agility
 C - 2 potions of ambrosia {unknown}
 H - a potion of curing
 J - 4 potions of magic
 V - a potion of invisibility {unknown}
Comestibles
 f - 41 rations


   Skills:
 - Level 2.0 Fighting
 - Level 10.1 Short Blades
 - Level 2.1 Throwing
 - Level 2.3 Armour
 + Level 10.1 Dodging
 + Level 10.7 Stealth
 - Level 9.0 Necromancy


You had 8 spell levels left.
You knew the following spells:

 Your Spells              Type           Power        Failure   Level  Hunger
a - Animate Dead          Necr           N/A          10%         4    #####..

Your spell library contained the following spells:

 Spells                   Type           Power        Failure   Level  Hunger
 Animate Skeleton         Necr           N/A          1%          1    ##.....
 Pain                     Necr           ###.         1%          1    ##.....
 Vampiric Draining        Necr           ###.......   2%          3    ####...
 Agony                    Necr           ###.....     26%         5    ######.
 Apportation              Tloc           #.....       36%         1    ##.....
 Beastly Appendage        Tmut           #.....       36%         1    ##.....
 Foxfire                  Conj/Fire      #...         36%         1    ##.....
 Freeze                   Ice            #...         36%         1    ##.....
 Sandblast                Erth           #.....       36%         1    ##.....
 Summon Butterflies       Summ           #.......     36%         1    ##.....
 Passwall                 Tmut/Erth      #.......     50%         2    ###....
 Sticks to Snakes         Tmut           #.......     50%         2    ###....
 Swiftness                Chrm/Air       #.......     50%         2    ###....
 Conjure Flame            Conj/Fire      #.......     75%         3    ####...
 Inner Flame              Hex/Fire       #.......     75%         3    ####...
 Lesser Beckoning         Tloc           #.........   75%         3    ####...
 Ozocubu's Armour         Chrm/Ice       #.......     75%         3    ####...
 Spider Form              Tmut/Pois      #.........   75%         3    ####...
 Stone Arrow              Conj/Erth      #.....       75%         3    ####...
 Tukima's Dance           Hex            #.......     75%         3    ####...
 Cause Fear               Hex            #.........   98%         4    #####..
 Hailstorm                Conj/Ice       #.......     98%         4    #####..
 Ice Form                 Ice/Tmut       #.......     98%         4    #####..
 Passage of Golubria      Tloc           N/A          98%         4    #####..
 Petrify                  Tmut/Erth      #.......     98%         4    #####..
 Sticky Flame             Conj/Fire      #.......     98%         4    #####..
 Summon Ice Beast         Ice/Summ       #.......     98%         4    #####..
 Alistair's Intoxication  Tmut/Pois      #.......     100%        5    ######.
 Blade Hands              Tmut           #.........   100%        5    ######.
 Fireball                 Conj/Fire      #.........   100%        5    ######.
 Irradiate                Conj/Tmut      #.........   100%        5    ######.
 Lee's Rapid Deconstruct  Erth           #.........   100%        5    ######.
 Silence                  Hex/Air        #.........   100%        5    ######.
 Yara's Violent Unravell  Hex/Tmut       #.........   100%        5    ######.
 Darkness                 Hex            #.........   100%        6    #######
 Deflect Missiles         Chrm/Air       #.........   100%        6    #######
 Hydra Form               Tmut           #.........   100%        6    #######
 Invisibility             Hex            #.......     100%        6    #######
 Statue Form              Tmut/Erth      #........    100%        6    #######
 Dragon Form              Tmut           #.........   100%        7    #######
 Discord                  Hex            #.........   100%        8    #######


Dungeon Overview and Level Annotations

Branches:
Dungeon (11/15)            Temple (1/1) D:4            Lair (4/6) D:10
 Shoals (0/4) Lair:2          Orc (0/2) D:9
  Snake: Lair:2-4    Spider: Lair:2-4

Altars:
Ashenzari
Cheibriados
Elyvilon
Fedhas
Kikubaaqudgha
Makhleb
Nemelex Xobeh
Okawaru
Ru
Sif Muna
Trog
Uskayaw
Wu Jian
Yredelemnul
The Shining One

Shops:
D:6 %   D:11 [(%?

Annotations:
D:9 exclusion: orange crystal statue


Innate Abilities, Weirdness & Mutations

You have hooves in place of feet.
Armour fits poorly on your strangely shaped body.
You cover ground very quickly.
You have extremely tough skin. (AC +3)
You are partially covered in thin metallic scales. (AC +2)
You have an increased reservoir of magic. (+10% MP)
You are weak. (Str -2)


Message History

The meliai barely misses you. The killer bee barely misses you.
The meliai hits you with a +0 war axe! The meliai barely misses you.
You fail to use your ability.
You feel sick. The killer bee barely misses you.
The meliai mumbles some strange prayers to its god against you.
Something smites you! The meliai closely misses you.
The meliai barely misses you. The killer bee barely misses you.
Unknown command.
You fade into invisibility!
You feel quite a bit more hungry.
You feel sick. The meliai completely misses you.
The meliai stings you but does no damage.
The killer bee stings you!
* * * LOW HITPOINT WARNING * * *
The killer bee closely misses you. The meliai hits you with a +0 war axe.
* * * LOW HITPOINT WARNING * * *
The meliai completely misses you.
You hit the meliai. You kick the meliai.
The meliai is severely wounded.
The killer bee barely misses you. The meliai hits you with a +0 war axe!!
You die...

..# #...# ####..#
..###P..###.##..###
..................#########
..................#......%#
..........P.#.Z...#....%.%#
..........###...###.......#
.......... ##..P# #y%y.%.
.........# #...####%.y.
......... ##...@y##†#
......... #...#yyyy# ......
#...###y## #..P# ### #..##
#.#. ####


You could see 2 meliai and 4 killer bees.

Vanquished Creatures
  Gastronok (Lair:1)
  The ghost of CanOfBees the Grappler, a journeyman TrBe of Trog (Lair:1)
  A hydra (Lair:4)
  Harold (D:9)
  5 two-headed ogres
  Nergalle (Lair:2)
  The ghost of asterious the Cleaver, a novice MiBe of Trog (D:8)
  2 unseen horrors
  An ugly thing (D:11)
  A cyclops (D:11)
  10 elephants
  Joseph (Lair:1)
  A black mamba (Lair:1)
  5 spiny frogs
  3 rime drakes
  Maggie (Lair:4)
  6 komodo dragons
  9 polar bears
  A meliai (Lair:4)
  2 queen bees
  Prince Ribbit (D:7)
  A snapping turtle (Lair:2)
  5 blink frogs (Lair:1)
  5 hippogriffs
  A shadow (D:11)
  8 wyverns
  5 basilisks
  2 steam dragons (Lair:2)
  38 yaks
  Menkaure (D:6)
  A soldier ant (D:10)
  An acid dragon (D:11)
  12 porcupines
  10 water moccasins
  7 orc warriors
  A sky beast (D:8)
  3 phantoms
  4 ice beasts
  11 black bears
  A necrophage (D:9)
  An eye of draining (D:9)
  5 ogres
  2 wolves (Lair:2)
  5 centaurs
  12 crocodiles
  2 big kobolds
  8 bullfrogs
  A scorpion (D:11)
  58 killer bees
  8 howler monkeys
  2 electric eels
  9 crimson imps
  A bullfrog zombie (D:7)
  A lava snake (D:9)
  2 quasits
  3 centaur zombies
  7 jellies
  18 orc wizards
  A bullfrog skeleton (D:9)
  9 orc priests
  5 hounds
  Crazy Yiuf (D:2)
  2 iguanas
  7 worker ants
  A hound zombie (D:7)
  A hound skeleton (D:7)
  3 worker ant zombies
  Robin (D:4)
  10 gnolls
  12 adders
  2 shadow imps
  6 oozes (D:2)
  An adder skeleton (D:4)
  3 adder zombies
  3 worms
  3 dart slugs
  4 leopard geckos
  59 orcs
  4 giant cockroaches
  2 gnoll zombies (D:2)
  16 goblins
  9 hobgoblins
  6 jackals
  2 quokkas
  A ball python zombie (D:6)
  8 bats
  3 frilled lizards
  2 jackal skeletons
  23 kobolds
  A quokka skeleton (D:5)
  A quokka zombie (D:8)
  7 rats
  A butterfly (Lair:4)
537 creatures vanquished.

Vanquished Creatures (collateral kills)
  An elephant (Lair:4)
  A killer bee (Lair:4)
2 creatures vanquished.

Vanquished Creatures (others)
  An orc (D:11)
  A kobold (D:11)
  8 fungi
  A plant (Lair:1)
  7 toadstools (D:2)
18 creatures vanquished.

Grand Total: 557 creatures vanquished

Notes
Turn   | Place    | Note
-------+----------+-------------------------------------------
     0 | D:1      | Birdy the Centaur Assassin began the quest for the Orb.
     0 | D:1      | Reached XP level 1. HP: 17/17 MP: 1/1
   341 | D:1      | Reached XP level 2. HP: 24/24 MP: 2/2
   783 | D:2      | Found a sacrificial altar of Ru.
   792 | D:2      | Reached skill level 1 in Armour
   792 | D:2      | Reached XP level 3. HP: 22/29 MP: 3/3
  1056 | D:2      | Reached XP level 4. HP: 27/36 MP: 4/4
  1107 | D:2      | Reached XP level 5. HP: 18/41 MP: 5/5
  1706 | D:2      | Found a basalt altar of Yredelemnul.
  1764 | D:2      | Found a runed translucent door.
  1765 | D:2      | Noticed Crazy Yiuf
  1776 | D:2      | Killed Crazy Yiuf
  2343 | D:3      | Found a sacrificial altar of Ru.
  3194 | D:4      | Noticed Robin
  3195 | D:4      | Reached XP level 6. HP: 48/48 MP: 6/6
  3204 | D:4      | Killed Robin
  3211 | D:4      | Reached skill level 5 in Short Blades
  4248 | D:4      | Found a staircase to the Ecumenical Temple.
  4257 | Temple   | Entered the Ecumenical Temple
  4282 | Temple   | Became a worshipper of the Wu Jian Council
  4391 | D:4      | Found a bloodstained altar of Trog.
  4489 | D:5      | Entered Level 5 of the Dungeon
  4605 | D:5      | Reached XP level 7. HP: 50/55 MP: 7/7
  5330 | D:5      | Gained mutation: You have an increased reservoir of magic.
                  | (+10% MP) [potion of mutation]
  5330 | D:5      | Gained mutation: You are weak. (Str -2) [potion of
                  | mutation]
  5330 | D:5      | Gained mutation: You are partially covered in thin metallic
                  | scales. (AC +2) [potion of mutation]
  5575 | D:6      | Got a fine wooden ring
  5577 | D:6      | Identified a ring "Citefoch" {+Blink rC+ rN+ Str+6 SInv}
                  | (You found it on level 6 of the Dungeon)
  5615 | D:6      | Found Widgheup's Food Shoppe.
  5660 | D:6      | Reached * piety under Wu Jian
  5660 | D:6      | Reached XP level 8. HP: 61/61 MP: 5/8
  5838 | D:6      | Noticed Menkaure
  5854 | D:6      | Killed Menkaure
  6421 | D:6      | Found a shimmering blue altar of Sif Muna.
  6816 | D:7      | Noticed Prince Ribbit
  6848 | D:7      | Killed Prince Ribbit
  6848 | D:7      | Reached skill level 10 in Short Blades
  6895 | D:7      | Reached skill level 1 in Dodging
  6895 | D:7      | Reached XP level 9. HP: 65/67 MP: 6/9
  6899 | D:7      | Reached ** piety under Wu Jian
  7161 | D:7      | Learned a level 4 spell: Animate Dead
  7536 | D:8      | Found a transporter.
  7536 | D:8      | Noticed asterious's ghost (novice MiBe)
  7541 | D:8      | Noticed a two-headed ogre
  7547 | D:8      | Reached skill level 1 in Necromancy
  7551 | D:8      | Killed a two-headed ogre
  7698 | D:8      | Found a transporter.
  7700 | D:8      | Reached skill level 5 in Stealth
  7709 | D:8      | Killed asterious's ghost
  7709 | D:8      | Reached XP level 10. HP: 68/73 MP: 9/11
  8240 | D:8      | Reached *** piety under Wu Jian
  8396 | D:9      | Noticed a two-headed ogre
  8400 | D:9      | Killed a two-headed ogre
  8403 | D:9      | Noticed an unseen horror
  8416 | D:9      | Killed an unseen horror
  8560 | D:9      | Found a staircase to the Orcish Mines.
  8773 | D:9      | Noticed Harold
  8891 | D:9      | Killed Harold
  8891 | D:9      | Reached skill level 5 in Necromancy
  9016 | D:9      | Noticed an orange crystal statue
  9056 | D:9      | Got an ichor-stained war axe
  9057 | D:9      | Identified the cursed +1 war axe of Armageddon {chop, rF-
                  | rN+ SInv} (You found it on level 9 of the Dungeon)
  9078 | D:9      | Got a sapphire long sword
  9079 | D:9      | Identified the cursed +3 long sword of Ragnarok {drain,
                  | +Blink rPois} (You found it on level 9 of the Dungeon)
  9140 | D:9      | Reached XP level 11. HP: 76/79 MP: 12/12
  9282 | D:9      | Reached **** piety under Wu Jian
  9289 | D:9      | Reached skill level 5 in Dodging
  9415 | D:9      | Found an iron altar of Okawaru.
  9415 | D:9      | Found a shattered altar of Ashenzari.
  9846 | D:10     | Entered Level 10 of the Dungeon
 10025 | D:10     | Noticed a two-headed ogre
 10039 | D:10     | Killed a two-headed ogre
 10050 | D:10     | Found a staircase to the Lair.
 10050 | D:10     | Noticed a two-headed ogre
 10076 | D:10     | Killed a two-headed ogre
 10239 | D:10     | Got a glittering granite ring
 10241 | D:10     | Identified the ring of Tiyma {rF+ rN+ MR+} (You found it on
                  | level 10 of the Dungeon)
 10523 | D:10     | Reached ***** piety under Wu Jian
 11392 | D:11     | Found Seunn's Antique Weapon Emporium.
 11449 | D:11     | Found Axiejumma's Magic Scroll Shoppe.
 11519 | D:11     | Found Vutsod's Food Shoppe.
 11755 | D:11     | Got a fine ring mail
 11766 | D:11     | Identified the +2 ring mail of Ujyotoir {rElec rN+ Str-2
                  | Dex+2} (You found it on level 11 of the Dungeon)
 12003 | D:11     | Noticed a cyan ugly thing
 12008 | D:11     | Killed a cyan ugly thing
 12008 | D:11     | Reached XP level 12. HP: 85/85 MP: 13/13
 12325 | D:11     | Noticed a two-headed ogre
 12335 | D:11     | Killed a two-headed ogre
 12447 | D:11     | Found Suwuiw's Armour Shoppe.
 12626 | Lair:1   | Entered Level 1 of the Lair of Beasts
 12629 | Lair:1   | Found a runed translucent gate.
 12630 | Lair:1   | Found a runed translucent gate.
 12631 | Lair:1   | Found a runed translucent gate.
 13007 | Lair:1   | Noticed Gastronok
 13020 | Lair:1   | Killed Gastronok
 13676 | Lair:1   | Noticed Joseph
 13686 | Lair:1   | Killed Joseph
 13691 | Lair:1   | Upgraded the game from 0.25-a0-388-g41a7e55 to
                  | 0.25-a0-399-gcf1075a
 14260 | Lair:1   | Noticed CanOfBees's ghost (journeyman TrBe)
 14283 | Lair:1   | Killed CanOfBees's ghost
 14283 | Lair:1   | Reached XP level 13. HP: 63/91 MP: 12/14
 14486 | Lair:2   | Got a fabulously ornate robe
 14497 | Lair:2   | Identified the +3 robe of Failure {*Corrode rC+ Slay+6}
                  | (You found it on level 2 of the Lair of Beasts)
 15168 | Lair:2   | Reached ****** piety under Wu Jian
 15510 | Lair:2   | Noticed Nergalle
 15528 | Lair:2   | Killed Nergalle
 15528 | Lair:2   | Reached skill level 10 in Stealth
 16133 | Lair:2   | Found a staircase to the Shoals.
 17239 | Lair:4   | Noticed Maggie
 17323 | Lair:4   | Killed Maggie
 17486 | Lair:4   | Reached skill level 10 in Dodging
 17911 | Lair:4   | Slain by a meliai

Levels and vault maps discovered:
D:1:      shiori_shiawase, layout_basic, serial_park_tiny_pond, st_stairs_9
D:2:      cheibrodos_fertilizer, layout_basic, lemuel_zombie_altar_yredelemnul,
          old_standard_altar, minmay_misc_feat_tower, uniq_crazy_yiuf_cottage
D:3:      layout_basic, minivault_24, minmay_misc_feat_four_crosses,
          nicolae_ru_awakened_eye
D:4:      layout_loops_ring, lemuel_coloured_pillars_altar, temple_hall,
          first_ration, uniq_robin
D:5:      layout_basic
D:6:      layout_cave_pools, overflow_temple_1_default, serial_shops,
          shop_coins, uniq_menkaure
D:7:      layout_rooms, chequers_decorated_corner, uniq_prince_ribbit1
D:8:      layout_basic, gammafunk_ghost_arena
D:9:      layout_loops_corners, gammafunk_temple_overflow_wave, david_orc_2,
          disabler_island, uniq_harold
D:10:     layout_roguey, david_lair_generic, minmay_fractal_squares_gapless_5
D:11:     layout_basic, serial_shops, shop, kennysheep_little_box,
          nicolae_shop_waterfront, nicolae_shop_stone
Temple:   nicolae_temple_elliptical
Lair:1:   beast_lair_carwin_large_4, layout_long_grid,
          ebering_ghost_rock_garden, grunt_megastairs_3, uniq_joseph,
          uniq_gastronok
Lair:2:   regret_index_bee_streams, layout_loops_ring, minmay_shoals_entry_hut,
          gammafunk_lair_bear_cave, uniq_nergalle
Lair:3:   layout_hall_layers, lemuel_fruit_tree
Lair:4:   layout_small_grid, spider_nest_entry_funnel_web, special_room
          [special_room_bee], lemuel_fruit_fields, serial_bayou_shore_b,
          uniq_maggie

Skill      XL: |  1  2  3  4  5  6  7  8  9 10 11 12 13 |
---------------+----------------------------------------+-----
Short Blades   | 2 3 4 6 8 10 | 10.1
Armour         | 1 2 |  2.3
Dodging        | 1 3 4 5 8 10 | 10.1
Stealth        | 3 5 7 9 10 | 10.7
Necromancy     | 3 5 9 |  9.0
Fighting       | |  2.0
Throwing       | |  2.1

Action                   |  1- 3 |  4- 6 |  7- 9 | 10-12 | 13-15 || total
-------------------------+-------+-------+-------+-------+-------++-------
Melee: Dagger            |   127 |   100 |       |       |       ||   227
       Kick              |    17 |    43 |    34 |   169 |   130 ||   393
       Short sword       |       |   113 |   189 |   594 |   365 ||  1261
       Long sword        |       |       |       |     8 |       ||     8
Throw: Dart              |       |     1 |     2 |     2 |       ||     5
 Cast: Animate Dead      |       |       |       |     3 |    13 ||    16
Invok: Lunge             |       |     2 |    30 |    80 |    40 ||   152
       Whirlwind         |       |       |    28 |    97 |    58 ||   183
 Abil: Evoke Invisibilit |       |     2 |     7 |    18 |     7 ||    34
       Wall Jump         |       |       |       |     1 |       ||     1
Evoke: Wand              |       |     3 |       |    14 |     4 ||    21
  Use: Scroll            |     1 |     7 |     6 |     8 |     1 ||    23
       Potion            |       |     2 |     2 |       |     4 ||     8
 Stab: Sleeping          |     2 |     3 |     3 |    22 |     8 ||    38
       Invisible         |       |     6 |    20 |    55 |    15 ||    96
       Distracted        |       |     1 |       |     1 |     6 ||     8
       Confused          |       |       |       |       |     1 ||     1
  Eat: Chunk             |       |    10 |     6 |    26 |    15 ||    57
       Ration            |       |       |     1 |       |     1 ||     2
Armor: Robe              |    55 |    41 |    22 |    48 |    54 ||   220
       Skin              |       |       |     3 |       |       ||     3
       Ring mail         |       |       |       |    50 |     4 ||    54
Dodge: Dodged            |    70 |    63 |    45 |   226 |   215 ||   619
       Rpst.: Long sword |       |       |       |     1 |       ||     1

Table legend:
 A = Non-vault XP
 B = Vault XP
 C = Vault XP percentage of total XP
 D = Non-vault monster count
 E = Vault monster count
 F = Vault count percentage of total count
                 A         B        C        D         E       F
            +---------+---------+-------+---------+---------+-------
      Total |   40481 |   20936 |  34.1 |     393 |     145 |  27.0
            +---------+---------+-------+---------+---------+-------
        D:1 |      33 |       4 |  10.8 |      20 |       3 |  13.0
        D:2 |      32 |     179 |  84.8 |       9 |      18 |  66.7
        D:3 |     119 |       0 |   0.0 |      37 |       0 |   0.0
        D:4 |     213 |      38 |  15.1 |      20 |      13 |  39.4
        D:5 |     655 |       0 |   0.0 |      21 |       0 |   0.0
        D:6 |     554 |     172 |  23.7 |      14 |       1 |   6.7
        D:7 |    1251 |     277 |  18.1 |      33 |       1 |   2.9
        D:8 |    3013 |    1009 |  25.1 |      43 |       5 |  10.4
        D:9 |    3576 |    1169 |  24.6 |      38 |       7 |  15.6
       D:10 |    4141 |     764 |  15.6 |      30 |       5 |  14.3
       D:11 |    7224 |       0 |   0.0 |      46 |       0 |   0.0
     Lair:1 |    6407 |    7661 |  54.5 |      32 |      20 |  38.5
     Lair:2 |    3338 |    7778 |  70.0 |      15 |      54 |  78.3
     Lair:3 |    5502 |       0 |   0.0 |      20 |       0 |   0.0
     Lair:4 |    4423 |    1885 |  29.9 |      15 |      18 |  54.5
            +---------+---------+-------+---------+---------+-------
